 Dungeon Crawl Stone Soup version 0.28-a0-724-g66f9036eb4 (webtiles) character file.

Game seed: 15948535795567318399

539 ytrimaz the Chopper (level 7, -7/55 HPs)
             Began as a Formicid Fighter on Oct 26, 2021.
             Was a Believer of Uskayaw.
             Mangled by an ogre (17 damage)
             ... on level 5 of the Dungeon.
             The game lasted 00:04:31 (3897 turns).

ytrimaz the Chopper (Formicid Fighter)              Turns: 3897, Time: 00:04:31

Health: -7/55      AC: 13    Str: 23    XL:     7   Next: 51%
Magic:  4/7        EV:  9    Int:  7    God:    Uskayaw [**....]
Gold:   307        SH:  4    Dex: 10    Spells: 6/6 levels left

rFire   . . .      SeeInvis +   a - +1 war axe
rCold   . . .      Faith    .   c - +0 buckler
rNeg    . . .      Spirit   .   q - +0 chain mail
rPois   .          Reflect  .   (helmet unavailable)
rElec   .          Harm     .   f - +0 cloak
rCorr   .          Rampage  .   (no gloves)
Will    .....                   (no boots)
Stlth   ..........              (no amulet)
HPRegen 0.18/turn               (no ring)
MPRegen 0.10/turn               (no ring)

@: no status effects
A: permanent stasis, dig shafts and tunnels, antennae 3, four strong arms,
iridescent scales 1, sturdy frame 2
a: Dig, Shaft Self, Renounce Religion, Stomp, Line Pass


You were on level 5 of the Dungeon.
You worshipped Uskayaw.
Uskayaw was noncommittal.
You visited 1 branch of the dungeon, and saw 5 of its levels.

You collected 307 gold pieces.

Inventory:

Hand Weapons
 a - a +1 war axe (weapon)
Armour
 c - a +0 buckler (worn)
 f - a +0 cloak (worn)
 q - a +0 chain mail (worn)
Jewellery
 b - an amulet of guardian spirit
Scrolls
 g - a scroll of fear {unknown}
 j - a scroll of fog
 m - a scroll of immolation {unknown}
 p - a scroll of torment {unknown}
Potions
 d - 2 potions of might
 e - a potion of berserk rage {unknown}
 h - 3 potions of curing {unknown}
 i - a potion of brilliance {unknown}
 l - a potion of haste {unknown}
 n - a potion of cancellation {unknown}
 o - a potion of flight {unknown}


   Skills:
 + Level 4.7 Fighting
 + Level 5.8 Axes
 * Level 5.3 Armour
 - Level 3.6 Shields


You had 6 spell levels left.
You didn't know any spells.
Your spell library contained the following spells:

 Spells                   Type           Power      Damage    Failure   Level
 Conjure Ball Lightning   Conj/Air       0%         3x3d6     100%        6
 Discord                  Hex            0%         N/A       100%        8
 Disjunction              Tloc           0%         N/A       100%        8


Dungeon Overview and Level Annotations

Branches:
Dungeon (5/15)
 Temple: D:4-7

Altars:
Uskayaw


Innate Abilities, Weirdness & Mutations

You cannot be hasted, slowed, berserked, paralysed or teleported.
You can dig through walls and to a lower floor.
You have a pair of large antennae on your head. (SInv)
Your four strong arms can wield two-handed weapons with a shield.
You are partially covered in iridescent scales. (AC +2)
Your movements are less encumbered by armour. (ER -4)


Message History

The ogre shouts!
An ogre is nearby!
An ogre is nearby!
An ogre is nearby!
An ogre is nearby!
Found 2 sedimented dark potions.
An iguana comes into view.
The iguana hisses angrily.
The ogre hits you with a +0 giant club!!
You barely miss the ogre. The ogre hits you with a +0 giant club.
You slash the ogre!
The ogre is moderately wounded.
You block the ogre's attack. The iguana bites you.
You hit the ogre.
The ogre is heavily wounded.
You slash the iguana! The ogre barely misses you.
The iguana bites you but does no damage.
You can now pass through a line of other dancers.
Aiming: Line Pass
Press: ? - help, Dir - move target, f - ogre
Aim: an ogre, wielding a +0 giant club (heavily wounded)
Okay, then.
Unknown command.
You stomp with the beat, sending a shockwave through the revellers around you!
The ogre is severely wounded.
The iguana is almost dead.
You can no longer pass through a line of other dancers.
The iguana bites you. The ogre hits you with a +0 giant club!
* * * LOW HITPOINT WARNING * * *
You hit the ogre.
The ogre is almost dead.
You hit the iguana.
You kill the iguana!
The ogre hits you with a +0 giant club.
* * * LOW HITPOINT WARNING * * *
You can now pass through a line of other dancers.
You hit the ogre.
The ogre is almost dead.
The ogre hits you with a +0 giant club!
You die...

##.# #..# .
#.## .. ##.#
#.. #..#
#...###.##
#.......#
##.......##
.......@..#
.......O....#
..............#
..............#
...............
........!##....
........## ####
.........


You could see an ogre.

Vanquished Creatures
  A phantom (D:5)
  A water moccasin skeleton (D:4)
  3 hounds
  A bullfrog skeleton (D:3)
  An orc priest (D:4)
  5 iguanas
  Terence (D:3)
  An adder (D:5)
  A gnoll (D:3)
  A howler monkey skeleton (D:5)
  An ufetubus (D:5)
  2 worms
  A dart slug (D:1)
  2 orcs (D:4)
  5 ball pythons
  4 bats
  4 endoplasms
  5 giant cockroaches
  7 goblins
  6 hobgoblins
  5 jackals
  3 kobolds
  3 quokkas
  7 frilled lizards
  6 rats
77 creatures vanquished.

Vanquished Creatures (others)
  3 plants (D:4)
3 creatures vanquished.

Grand Total: 80 creatures vanquished

Notes
Turn   | Place    | Note
-------+----------+-------------------------------------------
     0 | D:1      | ytrimaz the Formicid Fighter began the quest for the Orb.
     0 | D:1      | Reached XP level 1. HP: 18/18 MP: 1/1
    17 | D:1      | Found a faded altar of an unknown god.
   167 | D:1      | Reached XP level 2. HP: 19/24 MP: 2/2
   723 | D:1      | Reached XP level 3. HP: 29/30 MP: 3/3
   923 | D:1      | Gained mutation: You are partially covered in iridescent
                  | scales. (AC +2) [potion of mutation]
   923 | D:1      | Gained mutation: Your movements are slightly less
                  | encumbered by armour. (ER -2) [potion of mutation]
   923 | D:1      | Gained mutation: Potions are less effective at restoring
                  | your health. [potion of mutation]
   923 | D:1      | Gained mutation: You are mostly covered in iridescent
                  | scales. (AC +4) [potion of mutation]
   924 | D:1      | Lost mutation: You are mostly covered in iridescent scales.
                  | (AC +4) [potion of mutation]
   924 | D:1      | Lost mutation: You are partially covered in iridescent
                  | scales. (AC +2) [potion of mutation]
   924 | D:1      | Lost mutation: Potions are less effective at restoring your
                  | health. [potion of mutation]
   924 | D:1      | Gained mutation: You are partially covered in iridescent
                  | scales. (AC +2) [potion of mutation]
   924 | D:1      | Gained mutation: Your movements are less encumbered by
                  | armour. (ER -4) [potion of mutation]
  1880 | D:3      | Reached XP level 4. HP: 36/37 MP: 4/4
  1885 | D:3      | Found a hide-covered altar of Uskayaw.
  1904 | D:3      | Became a worshipper of Uskayaw the Reveller
  2116 | D:3      | Reached * piety under Uskayaw
  2117 | D:3      | Reached ** piety under Uskayaw
  2119 | D:3      | Reached *** piety under Uskayaw
  2121 | D:3      | Reached XP level 5. HP: 35/42 MP: 5/5
  2637 | D:3      | Noticed Terence
  2642 | D:3      | Killed Terence
  2710 | D:4      | Reached XP level 6. HP: 48/48 MP: 6/6
  3157 | D:4      | Reached skill level 5 in Axes
  3240 | D:4      | Reached skill level 5 in Armour
  3240 | D:4      | Reached XP level 7. HP: 55/55 MP: 7/7
  3652 | D:5      | Entered Level 5 of the Dungeon
  3897 | D:5      | Mangled by an ogre

Illustrated notes

Levels and vault maps discovered:
D:1:      tarquinn_simple_flora_water_a, layout_loops_ring,
          ebering_ecumenical_altar_abandoned
D:2:      layout_basic
D:3:      layout_basic, eat_drink_and_be_merry_uskayaw, cheibrodos_gnoll_hut,
          uniq_terence
D:4:      layout_rooms, minivault_5, minmay_lizard_king
D:5:      layout_layer_cave, kennysheep_cross_room

Skill      XL: |  1  2  3  4  5  6 |
---------------+-------------------+-----
Armour         | 4 5 |  5.3
Fighting       | 4 |  4.7
Axes           | 3 4 5 |  5.8
Shields        | |  3.6

Action                   |  1- 3 |  4- 6 |  7- 9 || total
-------------------------+-------+-------+-------++-------
Melee: War axe           |   109 |    99 |    22 ||   230
Invok: Line Pass         |       |     1 |       ||     1
       Stomp             |       |     2 |     2 ||     4
 Abil: Dig               |       |     2 |       ||     2
  Use: Scroll            |     3 |     1 |     1 ||     5
       Potion            |     2 |       |       ||     2
 Stab: Paralysed         |       |     2 |       ||     2
Armor: Scale mail        |    70 |    41 |       ||   111
       Chain mail        |       |    16 |     7 ||    23
Dodge: Dodged            |    72 |    53 |     9 ||   134
Block: Buckler           |    29 |    23 |     5 ||    57

Table legend: (Time is in decaauts)
 A = Elapsed time spent in this place.
 B = Non-inter-level travel time spent in this place.
 C = Inter-level travel time spent in this place.
 D = Time resting spent in this place.
 E = Time spent auto-exploring this place.
 F = Levels seen in this place.
 G = Mean time per level.
                   A        B        C        D        E       F      G
               +--------+--------+--------+--------+--------+-----+--------+
         Total |   3973 |   3793 |    180 |    262 |   2778 |   5 |  794.6 |
       Dungeon |   3973 |   3793 |    180 |    262 |   2778 |   5 |  794.6 |
               +--------+--------+--------+--------+--------+-----+--------+

Top non-repeatable levels by time:
     D:3: 1020 daAuts
     D:1: 969 daAuts
     D:4: 956 daAuts
     D:2: 777 daAuts
     D:5: 249 daAuts
